 Dungeon Crawl Stone Soup version 0.16-a0-4083-g5af668b (webtiles) character file.

4149 timbw the Cleaver (level 10, -2/73 HPs)
             Began as a Vampire Fighter on Feb 22, 2015.
             Was a Believer of Makhleb.
             Slain by a killer bee (6 damage)
             ... on level 8 of the Dungeon.
             The game lasted 00:19:06 (4230 turns).

timbw the Cleaver (Vampire Fighter)                 Turns: 4230, Time: 00:19:06

Health: -2/73      AC: 13    Str: 18    XL:     10   Next: 7%
Magic:  18/18      EV:  2    Int: 10    God:    Makhleb [**....]
Gold:   375        SH:  9    Dex: 13    Spells: 0 memorised, 9 levels left

rFire  + . .     SeeInvis +     a - +0 war axe
rCold  + . .     Clarity  .     z - +0 plate armour
rNeg   + . .     SustAb   .     c - +0 shield
rPois  +         Gourm    .     w - +0 helmet
rElec  +         Spirit   .     A - +0 cloak
rCorr  +         Warding  .     (no gloves)
rMut   .         Stasis   .     (no boots)
MR     +....                    e - amulet of rage
Stlth  ..........               (no ring)
                                (no ring)

@: resistant, flying, somewhat resistant to hostile enchantments, extremely
unstealthy
A: bottle blood, fangs 3, see invisible, unbreathing
a: Bat Form, Minor Destruction, Renounce Religion, Evoke Berserk Rage


You were on level 8 of the Dungeon.
You worshipped Makhleb.
Makhleb was pleased with you.
You were not thirsty.

You visited 3 branches of the dungeon, and saw 11 of its levels.

You collected 375 gold pieces.

Inventory:

Hand weapons
 a - a +0 war axe (weapon)
Missiles
 k - 11 poisoned needles
Armour
 b - a +1 scale mail
 c - a +0 shield (worn)
 o - a +0 chain mail
 w - a +0 helmet (worn)
 z - a +0 plate armour (worn)
 A - a +0 cloak (worn)
Jewellery
 e - an amulet of rage (around neck)
 n - an uncursed ring of ice
Scrolls
 d - 3 scrolls of remove curse
 f - 2 scrolls of identify
 i - a scroll of acquirement {unknown}
 l - a scroll of enchant weapon
 q - 2 scrolls of magic mapping {unknown}
 s - a scroll of recharging {unknown}
 t - a scroll of noise {unknown}
 v - a scroll of brand weapon {unknown}
 y - a scroll of vulnerability {unknown}
Potions
 m - a potion of brilliance


   Skills:
 + Level 4.5 Fighting
 * Level 11.3 Axes
 - Level 2.4 Armour
 - Level 2.6 Shields
 - Level 4.7 Invocations
 - Level 3.5 Evocations


You had 9 spell levels left.
You didn't know any spells.

Dungeon Overview and Level Annotations

Branches:
Dungeon (9/15)             Temple (1/1) D:7            Lair (1/8) D:8
    Orc: D:9-12

Altars:
Ashenzari
Cheibriados
Fedhas
Gozag
Kikubaaqudgha
Makhleb
Nemelex Xobeh
Okawaru
Qazlal
Ru
Sif Muna
Trog
Vehumet
Xom
Yredelemnul
Zin
The Shining One

Annotations:
D:6 Prince Ribbit


Innate Abilities, Weirdness & Mutations

You can bottle blood from corpses.
You have razor-sharp teeth.
You have supernaturally acute eyesight.
You can survive without breathing.


Message History

The quokka bites you.
* * * LOW HITPOINT WARNING * * *
You hit the killer bee. Your bite misses the killer bee.
The killer bee is lightly wounded.
Your shield and plate armour prevent you from hitting the quokka.
The quokka is almost dead.
The killer bee stings you but does no damage.
You block the quokka's attack. You block the killer bee's attack.
You hit the killer bee but do no damage.
Your bite misses the killer bee.
The killer bee is lightly wounded.
You hit the quokka but do no damage.
The quokka is almost dead.
The killer bee stings you.
* * * LOW HITPOINT WARNING * * *
You block the quokka's attack.
The killer bee stings you but does no damage.
The quokka bites you but does no damage.
The killer bee stings you.
You die...

........#
.........######
#....K..%.#
#....####.#
#...%####.###
######......#
####### #.##.#.#
#......
##########y#..#.#
#......
#........#@#..#.#
#......
#........#r#..#(#
#......
##........#)#.##)#
#......
#.....y...#.#.((.#
###......
#...^.y.....######
#........
#...byy...###
#........
#....y....#
#........
##........#
#........
...........#
#.<..###.


You could see a killer bee and a quokka.

Vanquished Creatures
  Joseph (D:7)
  A black mamba (Lair:1)
  6 yaks
  2 hungry ghosts (D:7)
  2 phantoms
  A necrophage (D:5)
  A sky beast (D:7)
  2 ogres
  4 centaurs
  2 big kobolds
  Blork the orc (D:9)
  2 giant frogs
  A gnoll sergeant (D:7)
  A scorpion (D:4)
  2 crimson imps
  10 killer bees (D:8)
  A hound (D:7)
  A giant frog skeleton (D:7)
  A jelly (D:7)
  3 orc wizards
  6 worker ants
  An orc priest (D:9)
  An iguana (D:5)
  The ghost of timbw the Chopper, a weakling CeFi (D:3)
  5 adders
  8 gnolls
  A shadow imp (D:5)
  3 giant mites
  3 worms
  2 adder zombies (D:5)
  3 giant geckos
  18 orcs
  6 bats
  A giant cockroach (D:5)
  10 hobgoblins
  6 jackals
  3 ball pythons
  2 giant newts
  9 goblins
  16 kobolds
  3 quokkas
  A quokka skeleton (D:5)
  12 rats
166 creatures vanquished.

Notes
Turn   | Place    | Note
--------------------------------------------------------------
     0 | D:1      | timbw, the Vampire Fighter, began the quest for the Orb.
     0 | D:1      | Reached XP level 1. HP: 17/17 MP: 1/1
   113 | D:1      | Reached XP level 2. HP: 21/23 MP: 2/2
   161 | D:1      | Reached skill level 3 in Axes
   292 | D:2      | Reached XP level 3. HP: 17/28 MP: 3/3
   433 | D:3      | Noticed timbw's ghost (weakling CeFi)
   441 | D:3      | Killed timbw's ghost
   441 | D:3      | Reached XP level 4. HP: 24/34 MP: 4/4
   446 | D:3      | Reached skill level 4 in Axes
   623 | D:4      | Reached skill level 5 in Axes
   623 | D:4      | Reached XP level 5. HP: 32/39 MP: 5/5
   940 | D:4      | Found a snail-covered altar of Cheibriados.
  1101 | D:4      | Noticed an ogre
  1110 | D:4      | Killed an ogre
  1110 | D:4      | Reached skill level 6 in Axes
  1110 | D:4      | Reached XP level 6. HP: 27/46 MP: 6/6
  1143 | D:4      | Found an opulent altar of Gozag.
  1143 | D:4      | Found a radiant altar of Vehumet.
  1146 | D:4      | Found a sacrificial altar of Ru.
  1236 | D:5      | Entered Level 5 of the Dungeon
  1510 | D:5      | Reached skill level 7 in Axes
  1510 | D:5      | Reached XP level 7. HP: 39/51 MP: 7/7
  1858 | D:6      | Noticed Prince Ribbit
  1877 | D:7      | Noticed Joseph
  1890 | D:7      | Killed Joseph
  1890 | D:7      | Reached skill level 8 in Axes
  1890 | D:7      | Reached XP level 8. HP: 15/57 MP: 8/8
  1895 | D:7      | Reached skill level 9 in Axes
  1945 | D:7      | Found a staircase to the Ecumenical Temple.
  1956 | Temple   | Entered the Ecumenical Temple
  1978 | Temple   | Became a worshipper of Makhleb the Destroyer
  2045 | D:7      | Reached skill level 1 in Invocations
  2318 | D:7      | Reached skill level 10 in Axes
  2349 | D:7      | Found a basalt altar of Yredelemnul.
  2372 | D:7      | Acquired Makhleb's first power
  2546 | D:7      | Reached XP level 9. HP: 58/62 MP: 14/14
  2664 | D:8      | Reached skill level 1 in Evocations
  3074 | D:8      | Found a staircase to the Lair.
  3078 | Lair:1   | Entered Level 1 of the Lair of Beasts
  3078 | Lair:1   | Noticed a black mamba
  3093 | Lair:1   | Killed a black mamba
  3440 | D:8      | Acquired Makhleb's second power
  3565 | D:8      | Reached skill level 11 in Axes
  3741 | D:9      | Noticed Blork the orc
  3770 | D:9      | Killed Blork the orc
  3912 | D:9      | Reached XP level 10. HP: 63/73 MP: 18/18
  4230 | D:8      | Slain by a killer bee

Action                   |  1- 3 |  4- 6 |  7- 9 | 10-12 || total
-------------------------+-------+-------+-------+-------++-------
Melee: War axe           |    87 |   174 |   359 |    67 ||   687
Throw: Throwing net      |       |     4 |     1 |     1 ||     6
 Abil: Evoke Berserk Rag |       |       |     7 |     4 ||    11
  Use: Potion            |     2 |     1 |     2 |     7 ||    12
       Scroll            |     5 |     3 |     3 |     1 ||    12
 Stab: Held in net/web   |       |     1 |       |       ||     1
  Eat: Corpse            |     8 |     5 |    17 |     1 ||    31
